Unix NetHack Version 3.7.0-64 Work-in-progress - last build Sep 19 2022 01:33:40 (90acbfd9f156719b3b7758bb029e2869a0fba177,branch:master).

Game began 2022-09-20 04:06:21, ended 2022-09-20 04:18:33.

Gandelf, neutral male human Monk

  
unexplored area
unexplored area
unexplored area
unexplored area
unexplored area
unexplored area
unexplored area
unexplored area
unexplored area
unexplored area
unexplored area
unexplored area
unexplored area
unexplored area
unexplored area
unexplored area
unexplored area
unexplored area
unexplored area
unexplored area
unexplored area
unexplored area
unexplored area
unexplored area
unexplored area
unexplored area
unexplored area
unexplored area
unexplored area
unexplored area
unexplored area
unexplored area
unexplored area
unexplored area
unexplored area
unexplored area
unexplored area
unexplored area
unexplored area
unexplored area
unexplored area
unexplored area
unexplored area
unexplored area
unexplored area
unexplored area
unexplored area
unexplored area
unexplored area
unexplored area
unexplored area
unexplored area
unexplored area
unexplored area
unexplored area
unexplored area
unexplored area
unexplored area
unexplored area
unexplored area
unexplored area
unexplored area
unexplored area
unexplored area
unexplored area
unexplored area
unexplored area
unexplored area
unexplored area
unexplored area
unexplored area
unexplored area
unexplored area
unexplored area
unexplored area
unexplored area
unexplored area
unexplored area
unexplored area
unexplored area
unexplored area
unexplored area
unexplored area
unexplored area
unexplored area
unexplored area
unexplored area
unexplored area
stone
^teleportation trap
stone
unexplored area
unexplored area
unexplored area
unexplored area
unexplored area
unexplored area
unexplored area
unexplored area
unexplored area
unexplored area
unexplored area
unexplored area
unexplored area
unexplored area
unexplored area
unexplored area
unexplored area
unexplored area
unexplored area
unexplored area
unexplored area
unexplored area
unexplored area
unexplored area
unexplored area
unexplored area
unexplored area
unexplored area
unexplored area
unexplored area
unexplored area
unexplored area
unexplored area
unexplored area
unexplored area
unexplored area
unexplored area
unexplored area
unexplored area
unexplored area
unexplored area
unexplored area
unexplored area
unexplored area
unexplored area
unexplored area
unexplored area
unexplored area
unexplored area
unexplored area
unexplored area
unexplored area
unexplored area
unexplored area
unexplored area
unexplored area
unexplored area
unexplored area
unexplored area
unexplored area
unexplored area
unexplored area
unexplored area
unexplored area
unexplored area
unexplored area
unexplored area
unexplored area
unexplored area
unexplored area
unexplored area
wall
wall
wall
wall
wall
wall
|open door
wall
stone
stone
unexplored area
unexplored area
unexplored area
unexplored area
unexplored area
unexplored area
unexplored area
unexplored area
unexplored area
unexplored area
stone
stone
wall
wall
wall
wall
wall
wall
wall
unexplored area
unexplored area
unexplored area
unexplored area
unexplored area
unexplored area
unexplored area
unexplored area
unexplored area
unexplored area
unexplored area
unexplored area
unexplored area
unexplored area
unexplored area
unexplored area
unexplored area
unexplored area
unexplored area
unexplored area
unexplored area
unexplored area
unexplored area
unexplored area
unexplored area
unexplored area
unexplored area
unexplored area
unexplored area
unexplored area
unexplored area
unexplored area
unexplored area
unexplored area
unexplored area
unexplored area
unexplored area
unexplored area
unexplored area
unexplored area
unexplored area
unexplored area
unexplored area
unexplored area
unexplored area
unexplored area
unexplored area
unexplored area
unexplored area
unexplored area
wall
.dark part of a room
.dark part of a room
.dark part of a room
.dark part of a room
.dark part of a room
.dark part of a room
.doorway
corridor
stone
unexplored area
unexplored area
unexplored area
unexplored area
unexplored area
unexplored area
unexplored area
stone
stone
stone
stone
corridor
-open door
.dark part of a room
.dark part of a room
.dark part of a room
.dark part of a room
(a tin whistle
wall
unexplored area
unexplored area
unexplored area
unexplored area
unexplored area
unexplored area
unexplored area
unexplored area
unexplored area
unexplored area
unexplored area
unexplored area
unexplored area
unexplored area
unexplored area
unexplored area
unexplored area
unexplored area
unexplored area
unexplored area
unexplored area
unexplored area
unexplored area
unexplored area
unexplored area
unexplored area
unexplored area
unexplored area
unexplored area
unexplored area
unexplored area
unexplored area
unexplored area
unexplored area
unexplored area
unexplored area
unexplored area
unexplored area
unexplored area
unexplored area
unexplored area
unexplored area
unexplored area
unexplored area
unexplored area
unexplored area
unexplored area
unexplored area
unexplored area
unexplored area
wall
.dark part of a room
.dark part of a room
.dark part of a room
.dark part of a room
.dark part of a room
.dark part of a room
wall
corridor
stone
unexplored area
unexplored area
unexplored area
unexplored area
unexplored area
unexplored area
unexplored area
stone
corridor
corridor
corridor
corridor
wall
.dark part of a room
>staircase down
.dark part of a room
.dark part of a room
.dark part of a room
wall
unexplored area
unexplored area
unexplored area
unexplored area
unexplored area
unexplored area
stone
stone
wall
wall
wall
wall
wall
wall
wall
wall
wall
wall
unexplored area
unexplored area
unexplored area
unexplored area
unexplored area
unexplored area
unexplored area
unexplored area
unexplored area
unexplored area
unexplored area
unexplored area
unexplored area
unexplored area
unexplored area
unexplored area
unexplored area
unexplored area
unexplored area
unexplored area
unexplored area
unexplored area
unexplored area
unexplored area
unexplored area
unexplored area
unexplored area
unexplored area
unexplored area
unexplored area
unexplored area
unexplored area
wall
.dark part of a room
.dark part of a room
.dark part of a room
.dark part of a room
.dark part of a room
.dark part of a room
wall
corridor
stone
unexplored area
unexplored area
unexplored area
unexplored area
unexplored area
unexplored area
unexplored area
stone
corridor
stone
stone
stone
wall
wall
wall
wall
wall
|open door
wall
unexplored area
unexplored area
unexplored area
unexplored area
unexplored area
unexplored area
stone
corridor
.doorway
@human monk called Gandelf
.floor of a room
.floor of a room
.floor of a room
.floor of a room
.floor of a room
.floor of a room
.floor of a room
+closed door
unexplored area
unexplored area
unexplored area
unexplored area
unexplored area
unexplored area
unexplored area
unexplored area
unexplored area
unexplored area
unexplored area
unexplored area
unexplored area
unexplored area
unexplored area
unexplored area
unexplored area
unexplored area
unexplored area
unexplored area
unexplored area
unexplored area
unexplored area
unexplored area
unexplored area
unexplored area
unexplored area
unexplored area
unexplored area
unexplored area
unexplored area
unexplored area
wall
.dark part of a room
.dark part of a room
.dark part of a room
.dark part of a room
.dark part of a room
.dark part of a room
wall
corridor
stone
unexplored area
unexplored area
unexplored area
unexplored area
unexplored area
unexplored area
unexplored area
stone
corridor
stone
unexplored area
unexplored area
unexplored area
unexplored area
unexplored area
unexplored area
stone
corridor
stone
unexplored area
unexplored area
unexplored area
unexplored area
unexplored area
unexplored area
stone
corridor
wall
.floor of a room
.floor of a room
.floor of a room
.floor of a room
.floor of a room
.floor of a room
.floor of a room
.floor of a room
wall
unexplored area
unexplored area
unexplored area
unexplored area
unexplored area
unexplored area
unexplored area
unexplored area
unexplored area
unexplored area
unexplored area
unexplored area
unexplored area
unexplored area
unexplored area
unexplored area
unexplored area
unexplored area
unexplored area
unexplored area
unexplored area
unexplored area
unexplored area
unexplored area
unexplored area
unexplored area
unexplored area
unexplored area
unexplored area
unexplored area
unexplored area
unexplored area
wall
.dark part of a room
.dark part of a room
.dark part of a room
.dark part of a room
.dark part of a room
.dark part of a room
wall
corridor
stone
unexplored area
unexplored area
unexplored area
unexplored area
unexplored area
unexplored area
unexplored area
stone
corridor
stone
unexplored area
unexplored area
unexplored area
unexplored area
unexplored area
unexplored area
stone
corridor
stone
unexplored area
unexplored area
unexplored area
unexplored area
unexplored area
unexplored area
stone
corridor
wall
.floor of a room
.floor of a room
.floor of a room
.floor of a room
.floor of a room
.floor of a room
.floor of a room
.floor of a room
wall
unexplored area
unexplored area
unexplored area
unexplored area
unexplored area
unexplored area
unexplored area
unexplored area
unexplored area
unexplored area
unexplored area
unexplored area
unexplored area
unexplored area
unexplored area
unexplored area
unexplored area
unexplored area
unexplored area
unexplored area
unexplored area
unexplored area
unexplored area
unexplored area
unexplored area
unexplored area
unexplored area
unexplored area
unexplored area
unexplored area
unexplored area
unexplored area
wall
.dark part of a room
.dark part of a room
.dark part of a room
.dark part of a room
.dark part of a room
.dark part of a room
wall
corridor
stone
unexplored area
unexplored area
unexplored area
unexplored area
unexplored area
unexplored area
unexplored area
stone
corridor
stone
unexplored area
unexplored area
unexplored area
unexplored area
unexplored area
unexplored area
stone
corridor
stone
unexplored area
unexplored area
unexplored area
unexplored area
unexplored area
unexplored area
stone
corridor
wall
wall
wall
wall
wall
wall
wall
wall
wall
wall
unexplored area
unexplored area
unexplored area
unexplored area
unexplored area
unexplored area
unexplored area
unexplored area
unexplored area
unexplored area
unexplored area
unexplored area
unexplored area
unexplored area
unexplored area
unexplored area
unexplored area
unexplored area
unexplored area
unexplored area
unexplored area
unexplored area
unexplored area
unexplored area
unexplored area
unexplored area
unexplored area
unexplored area
unexplored area
unexplored area
unexplored area
unexplored area
wall
wall
wall
wall
wall
wall
.doorway
wall
corridor
corridor
stone
unexplored area
unexplored area
unexplored area
unexplored area
unexplored area
unexplored area
stone
corridor
stone
unexplored area
unexplored area
unexplored area
unexplored area
unexplored area
unexplored area
stone
corridor
stone
unexplored area
unexplored area
unexplored area
unexplored area
unexplored area
unexplored area
stone
corridor
stone
unexplored area
unexplored area
unexplored area
unexplored area
unexplored area
unexplored area
unexplored area
unexplored area
unexplored area
unexplored area
unexplored area
unexplored area
unexplored area
unexplored area
unexplored area
unexplored area
unexplored area
unexplored area
unexplored area
unexplored area
unexplored area
unexplored area
unexplored area
unexplored area
unexplored area
unexplored area
unexplored area
unexplored area
unexplored area
unexplored area
unexplored area
unexplored area
unexplored area
unexplored area
unexplored area
unexplored area
unexplored area
unexplored area
unexplored area
unexplored area
unexplored area
unexplored area
unexplored area
stone
corridor
corridor
corridor
corridor
stone
stone
corridor
stone
unexplored area
unexplored area
unexplored area
unexplored area
unexplored area
unexplored area
stone
corridor
stone
unexplored area
unexplored area
unexplored area
unexplored area
unexplored area
unexplored area
stone
corridor
corridor
stone
unexplored area
unexplored area
unexplored area
unexplored area
unexplored area
stone
corridor
stone
unexplored area
unexplored area
unexplored area
unexplored area
unexplored area
unexplored area
unexplored area
unexplored area
unexplored area
unexplored area
unexplored area
unexplored area
unexplored area
unexplored area
unexplored area
unexplored area
unexplored area
unexplored area
unexplored area
unexplored area
unexplored area
unexplored area
unexplored area
unexplored area
unexplored area
unexplored area
unexplored area
unexplored area
unexplored area
unexplored area
unexplored area
unexplored area
unexplored area
unexplored area
unexplored area
unexplored area
unexplored area
unexplored area
unexplored area
unexplored area
unexplored area
unexplored area
stone
stone
corridor
stone
stone
stone
stone
stone
corridor
stone
unexplored area
unexplored area
unexplored area
unexplored area
unexplored area
unexplored area
stone
corridor
stone
unexplored area
unexplored area
unexplored area
unexplored area
unexplored area
unexplored area
stone
stone
corridor
stone
unexplored area
unexplored area
unexplored area
unexplored area
unexplored area
stone
corridor
stone
unexplored area
unexplored area
unexplored area
unexplored area
unexplored area
unexplored area
unexplored area
unexplored area
unexplored area
unexplored area
unexplored area
unexplored area
unexplored area
unexplored area
unexplored area
unexplored area
unexplored area
unexplored area
unexplored area
unexplored area
unexplored area
unexplored area
unexplored area
unexplored area
unexplored area
unexplored area
unexplored area
unexplored area
unexplored area
unexplored area
unexplored area
unexplored area
unexplored area
unexplored area
unexplored area
unexplored area
unexplored area
unexplored area
unexplored area
unexplored area
unexplored area
stone
corridor
corridor
corridor
stone
unexplored area
unexplored area
unexplored area
stone
corridor
stone
unexplored area
unexplored area
unexplored area
unexplored area
unexplored area
stone
stone
corridor
stone
unexplored area
unexplored area
unexplored area
unexplored area
unexplored area
unexplored area
unexplored area
stone
corridor
stone
unexplored area
unexplored area
unexplored area
unexplored area
unexplored area
stone
corridor
stone
unexplored area
unexplored area
unexplored area
unexplored area
unexplored area
unexplored area
unexplored area
unexplored area
unexplored area
unexplored area
unexplored area
unexplored area
unexplored area
unexplored area
unexplored area
unexplored area
unexplored area
unexplored area
unexplored area
unexplored area
unexplored area
unexplored area
unexplored area
unexplored area
unexplored area
unexplored area
unexplored area
unexplored area
unexplored area
unexplored area
unexplored area
unexplored area
unexplored area
unexplored area
unexplored area
unexplored area
unexplored area
unexplored area
unexplored area
unexplored area
stone
stone
corridor
stone
stone
unexplored area
unexplored area
unexplored area
unexplored area
stone
corridor
stone
stone
wall
wall
wall
wall
wall
corridor
corridor
stone
unexplored area
unexplored area
unexplored area
unexplored area
unexplored area
unexplored area
unexplored area
stone
corridor
stone
unexplored area
unexplored area
unexplored area
unexplored area
unexplored area
stone
corridor
stone
unexplored area
unexplored area
unexplored area
unexplored area
unexplored area
unexplored area
unexplored area
unexplored area
unexplored area
unexplored area
unexplored area
unexplored area
unexplored area
unexplored area
unexplored area
unexplored area
unexplored area
unexplored area
unexplored area
unexplored area
unexplored area
unexplored area
unexplored area
unexplored area
unexplored area
unexplored area
unexplored area
unexplored area
unexplored area
unexplored area
unexplored area
unexplored area
unexplored area
unexplored area
unexplored area
unexplored area
unexplored area
unexplored area
unexplored area
unexplored area
stone
corridor
corridor
stone
unexplored area
unexplored area
unexplored area
unexplored area
unexplored area
corridor
corridor
corridor
corridor
.doorway
.dark part of a room
.dark part of a room
.dark part of a room
wall
corridor
stone
unexplored area
unexplored area
unexplored area
unexplored area
unexplored area
unexplored area
unexplored area
unexplored area
stone
corridor
corridor
stone
unexplored area
unexplored area
unexplored area
unexplored area
stone
corridor
stone
unexplored area
unexplored area
unexplored area
unexplored area
unexplored area
unexplored area
unexplored area
unexplored area
unexplored area
unexplored area
unexplored area
unexplored area
unexplored area
unexplored area
unexplored area
unexplored area
unexplored area
unexplored area
unexplored area
unexplored area
unexplored area
unexplored area
unexplored area
unexplored area
unexplored area
unexplored area
unexplored area
unexplored area
unexplored area
unexplored area
unexplored area
unexplored area
unexplored area
unexplored area
unexplored area
unexplored area
unexplored area
unexplored area
unexplored area
unexplored area
stone
corridor
stone
unexplored area
unexplored area
unexplored area
unexplored area
unexplored area
unexplored area
stone
corridor
corridor
corridor
wall
.dark part of a room
.dark part of a room
.dark part of a room
.doorway
corridor
stone
unexplored area
unexplored area
unexplored area
wall
wall
wall
wall
wall
wall
wall
.doorway
wall
wall
wall
wall
wall
wall
corridor
stone
unexplored area
unexplored area
unexplored area
unexplored area
unexplored area
unexplored area
unexplored area
unexplored area
unexplored area
unexplored area
unexplored area
unexplored area
unexplored area
unexplored area
unexplored area
unexplored area
unexplored area
unexplored area
unexplored area
unexplored area
unexplored area
unexplored area
unexplored area
unexplored area
unexplored area
unexplored area
unexplored area
unexplored area
unexplored area
unexplored area
unexplored area
unexplored area
unexplored area
unexplored area
unexplored area
unexplored area
unexplored area
unexplored area
wall
wall
wall
.doorway
wall
wall
wall
wall
wall
unexplored area
unexplored area
stone
stone
stone
corridor
wall
.dark part of a room
.dark part of a room
.dark part of a room
wall
stone
stone
unexplored area
unexplored area
unexplored area
wall
.dark part of a room
.dark part of a room
.dark part of a room
.dark part of a room
.dark part of a room
.dark part of a room
.dark part of a room
.dark part of a room
.dark part of a room
.dark part of a room
.dark part of a room
.dark part of a room
wall
corridor
stone
unexplored area
unexplored area
unexplored area
unexplored area
unexplored area
unexplored area
unexplored area
unexplored area
unexplored area
unexplored area
unexplored area
unexplored area
unexplored area
unexplored area
unexplored area
unexplored area
unexplored area
unexplored area
unexplored area
unexplored area
unexplored area
unexplored area
unexplored area
unexplored area
unexplored area
unexplored area
unexplored area
unexplored area
unexplored area
unexplored area
unexplored area
unexplored area
unexplored area
unexplored area
unexplored area
unexplored area
unexplored area
unexplored area
wall
.dark part of a room
.dark part of a room
.dark part of a room
.dark part of a room
.dark part of a room
.dark part of a room
.dark part of a room
wall
unexplored area
unexplored area
unexplored area
unexplored area
unexplored area
unexplored area
wall
wall
wall
wall
wall
unexplored area
unexplored area
unexplored area
unexplored area
unexplored area
wall
.dark part of a room
.dark part of a room
.dark part of a room
.dark part of a room
.dark part of a room
.dark part of a room
.dark part of a room
.dark part of a room
.dark part of a room
.dark part of a room
.dark part of a room
.dark part of a room
-open door
corridor
stone
unexplored area
unexplored area
unexplored area
unexplored area
unexplored area
unexplored area
unexplored area
unexplored area
unexplored area
unexplored area
unexplored area
unexplored area
unexplored area
unexplored area
unexplored area
unexplored area
unexplored area
unexplored area
unexplored area
unexplored area
unexplored area
unexplored area
unexplored area
unexplored area
unexplored area
unexplored area
unexplored area
unexplored area
unexplored area
unexplored area
unexplored area
unexplored area
unexplored area
unexplored area
unexplored area
unexplored area
unexplored area
unexplored area
wall
.dark part of a room
.dark part of a room
.dark part of a room
<staircase up
.dark part of a room
.dark part of a room
.dark part of a room
wall
unexplored area
unexplored area
unexplored area
unexplored area
unexplored area
unexplored area
unexplored area
unexplored area
unexplored area
unexplored area
unexplored area
unexplored area
unexplored area
unexplored area
unexplored area
unexplored area
+closed door
.dark part of a room
.dark part of a room
.dark part of a room
.dark part of a room
.dark part of a room
.dark part of a room
.dark part of a room
.dark part of a room
.dark part of a room
.dark part of a room
.dark part of a room
.dark part of a room
wall
stone
stone
unexplored area
unexplored area
unexplored area
unexplored area
unexplored area
unexplored area
unexplored area
unexplored area
unexplored area
unexplored area
unexplored area
unexplored area
unexplored area
unexplored area
unexplored area
unexplored area
unexplored area
unexplored area
unexplored area
unexplored area
unexplored area
unexplored area
unexplored area
unexplored area
unexplored area
unexplored area
unexplored area
unexplored area
unexplored area
unexplored area
unexplored area
unexplored area
unexplored area
unexplored area
unexplored area
unexplored area
unexplored area
unexplored area
wall
wall
wall
wall
wall
wall
wall
wall
wall
unexplored area
unexplored area
unexplored area
unexplored area
unexplored area
unexplored area
unexplored area
unexplored area
unexplored area
unexplored area
unexplored area
unexplored area
unexplored area
unexplored area
unexplored area
unexplored area
wall
wall
wall
wall
wall
wall
wall
wall
wall
wall
wall
wall
wall
wall
unexplored area
unexplored area
unexplored area
unexplored area
unexplored area
unexplored area
unexplored area
unexplored area
unexplored area
unexplored area
unexplored area
unexplored area
unexplored area
unexplored area
unexplored area
unexplored area
unexplored area
unexplored area
unexplored area
unexplored area
unexplored area
unexplored area
unexplored area
unexplored area
unexplored area
unexplored area
unexplored area
unexplored area
unexplored area
unexplored area
unexplored area
unexplored area
unexplored area
unexplored area
unexplored area
unexplored area
unexplored area
unexplored area
unexplored area
unexplored area
unexplored area
unexplored area
unexplored area
unexplored area
unexplored area
unexplored area
unexplored area
unexplored area
unexplored area
unexplored area
unexplored area
unexplored area
unexplored area
unexplored area
unexplored area
unexplored area
unexplored area
unexplored area
unexplored area
unexplored area
unexplored area
unexplored area
unexplored area
unexplored area
unexplored area
unexplored area
unexplored area
unexplored area
unexplored area
unexplored area
unexplored area
unexplored area
unexplored area
unexplored area
unexplored area
unexplored area
unexplored area
unexplored area
unexplored area
unexplored area
unexplored area
unexplored area
unexplored area
unexplored area
unexplored area
unexplored area
unexplored area
unexplored area
unexplored area
unexplored area
unexplored area
unexplored area
unexplored area
unexplored area
unexplored area
unexplored area
unexplored area
unexplored area
unexplored area
unexplored area
unexplored area
unexplored area
unexplored area
unexplored area
unexplored area
unexplored area
unexplored area
unexplored area
unexplored area
unexplored area
unexplored area
unexplored area
unexplored area
unexplored area
unexplored area
unexplored area
unexplored area
unexplored area
[Gandelf the Novice ] St:15 Dx:15 Co:11 In:11 Wi:16 Ch:8 Neutral S:705 Dlvl:3 $:41 HP:0(37) Pw:17(17) AC:4 Xp:4/141 T:1943 Weak FoodPois

Latest messages:

You swap places with the peaceful bat.
You see here 9 gold pieces.
$ - 9 gold pieces (34 in total).
You are beginning to feel hungry.
Something is written here in the dust.
You read: "?d acr???um".
You find a hidden door.
The door opens.
You find a hidden passage.
You find a teleportation trap.
Something is written here in the dust.
You read: "?d ac?? ??n".
You hear the chime of a cash register.
You see here 7 gold pieces.
$ - 7 gold pieces (41 in total).
The goblin hits!
You kill the goblin!
The door resists!
The door opens.
You hit the homunculus!
The homunculus misses!
You kill the homunculus!
You see here a sky blue potion.
X - a sky blue potion.
You see here a whistle.
Y - a whistle.
What do you want to use or apply? [cjlmOPY or ?*] Y
You produce a high whistling sound.
What do you want to call? [ac-ejmr-uxzA-GPW-Y or ?*] Y
Call a whistle: tin whistle
What do you want to drop? [$a-jlmr-uwxzA-GOPSV-Y or ?*] Y
You drop a whistle called tin whistle.
The door opens.
You are beginning to feel weak.
The door resists!
The door opens.
What do you want to eat? [f-ilV or ?*] ?
Ulch - that fungoid vegetation was tainted!
You feel deathly sick.
(It must have died too long ago to be safe to eat.)
Your sickness feels worse.
You hear the footsteps of a guard on patrol.
Your sickness is severe.
You are at Death's door.
You die from your illness.
Do you want your possessions identified? [ynq] (y) y
Do you want to see your attributes? [ynq] (y) y
Do you want an account of creatures vanquished? [ynaq] (y) y
Do you want to see your conduct and achievements? [ynq] (y) y
Do you want to see the dungeon overview? [ynq] (y) y

Inventory:

Coins

$ - 41 gold pieces

Weapons

w - a +0 javelin
O - the rustproof +0 Cleaver
S - the rustproof +0 Ogresmasher

Armor

a - an uncursed +2 pair of leather gloves (being worn)
b - an uncursed +1 robe (being worn)

Comestibles

g - 6 uncursed apples
l - an uncursed cream pie
f - 4 uncursed food rations
i - 4 uncursed fortune cookies
h - 5 uncursed oranges

Scrolls

d - a blessed scroll of gold detection
s - an uncursed scroll of magic mapping

Spellbooks

c - a blessed spellbook of protection

Potions

X - an uncursed potion of booze
e - 3 uncursed potions of water
u - an uncursed potion of water
x - an uncursed potion of water
W - an uncursed potion of water

Rings

A - an uncursed ring of cold resistance
D - an uncursed ring of cold resistance
B - an uncursed +1 ring of gain constitution (on left hand)
z - an uncursed ring of invisibility
G - an uncursed ring of protection from shape changers
F - an uncursed ring of searching
C - an uncursed ring of see invisible
E - an uncursed ring of see invisible (on right hand)

Wands

P - a wand of fire (0:7)

Tools

j - an uncursed oil lamp
m - a cursed tin whistle

Gems/Stones

t - an uncursed worthless piece of white glass
r - a cursed worthless piece of white glass

Gandelf the Monk's attributes:


Background:

You were a Novice, a level 4 male human Monk.
You were neutral, on a mission for Chih Sung-tzu
who was opposed by Shan Lai Ching (lawful) and Huan Ti (chaotic).
You were in the Dungeons of Doom, on level 3.
You entered the dungeon 1943 turns ago.
It was nighttime.
You had 141 experience points, 19 more were needed to attain level 5.
Your score was 705 before end-of-game adjustments.

Basics:

You had 0 out of 37 hit points.
You had all 17 energy points (spell power).
Your armor class was 4.
Your wallet contained 41 zorkmids.
Autopickup was off.

Final Characteristics:

Your strength was 15 (base:16, limit:18/100).
Your dexterity was 15 (limit:18).
Your constitution was 11 (base:10, limit:18).
Your intelligence was 11 (limit:18).
Your wisdom was 16 (limit:18).
Your charisma was 8 (limit:18).

Final Status:

You died from food poisoning.
You were weak from severe hunger.
You were unencumbered.
You were empty handed.
You had basic skill with martial arts.

Final Attributes:

You were devoutly aligned.
You were sleep resistant.
You were poison resistant.
You saw invisible.
You were guarded.
You were fast.
You are dead.

Miscellaneous:
You never encountered a bones level.
Total elapsed playing time was 12 minutes and 12 seconds.

Major events:

Turn

1: Gandelf the neutral male human Monk entered the dungeon
1498: attained the rank of Novice (level 3)
1549: was bestowed with Cleaver by Chih Sung-tzu
1711: was bestowed with Ogresmasher by Chih Sung-tzu
1943: poisoned by a rotted green mold corpse

Vanquished creatures:

a shrieker
a homunculus
a kobold leader
a wererat
an iguana
a coyote
3 gas spores
a hobgoblin
4 giant rats
2 green molds
3 geckos
5 jackals
a fox
a kobold
4 goblins
a sewer rat
5 grid bugs
7 lichens
6 newts
49 creatures vanquished.
No species were genocided or became extinct.

Voluntary challenges:

You followed a strict vegan diet.
You never hit with a wielded weapon.
You were illiterate.
You never engraved Elbereth.
You never genocided any monsters.
You never polymorphed an object.
You never changed form.
You used no wishes.

Achievements:

You entered a shop.
You attained the rank of Novice.

The Dungeons of Doom: levels 1 to 3

   Level 1:
Some fountains.
Level 2:
A jewelers, an altar to Chih Sung-tzu.
Level 3: <- You were here.
Final resting place for
you, poisoned by a rotted green mold corpse.

Game over:

----------
/ \
/ REST \
/ IN \
/ PEACE \
/ \
| Gandelf |
| 41 Au |
| poisoned by a |
| rotted green |
| mold corpse |
| |
| 2022 |
*| * * * | *
_________)/\\_//(\/(/\)/\//\/|_)_______

Goodbye Gandelf the Monk...


You were poisoned in The Dungeons of Doom on dungeon level 3 with 701 points,
and 41 pieces of gold, after 1943 moves.
You were level 4 with a maximum of 37 hit points when you were poisoned.